 Dungeon Crawl Stone Soup version 0.30-a0-726-gd89dcf765f (webtiles) character file.

Game seed: 11682899917355876446

256 hbarley the Chopper (level 6, -3/46 HPs)
             Began as a Human Gladiator on Jan 29, 2023.
             Slain by a gnoll
             ... wielding a +0 halberd
              (6 damage)
             ... on level 4 of the Dungeon.
             The game lasted 00:11:18 (2667 turns).

hbarley the Chopper (Human Gladiator)               Turns: 2667, Time: 00:11:19

Health: -3/46      AC: 14    Str: 16    XL:     6   Next: 38%
Magic:  6/6        EV:  8    Int:  8    God:
Gold:   127        SH:  5    Dex: 21    Spells: 5/5 levels left

rFire   . . .      SeeInvis .    a - +0 war axe
rCold   . . .      Faith    .    (no shield)
rNeg    . . .      Spirit   .    u - +0 chain mail
rPois   .          Reflect  +    c - +0 helmet
rElec   .          Harm     .    (no cloak)
rCorr   .          Rampage  .    (no gloves)
Will    .....                    y - +0 pair of boots Stlth
                                 q - amulet of reflection
HPRegen 0.27/turn                g - +4 ring of protection
MPRegen 0.10/turn                t - +6 ring of dexterity

@: no status effects
A: no striking features
a: no special abilities


You were on level 4 of the Dungeon.
You visited 1 branch of the dungeon, and saw 4 of its levels.

You collected 127 gold pieces.

Inventory:

Hand Weapons
 a - a +0 war axe (weapon)
Missiles
 d - 3 throwing nets (quivered)
 e - 7 javelins
Armour
 b - a +0 leather armour
 c - a +0 helmet (worn)
 f - a +0 ring mail
 u - a +0 chain mail (worn)
 y - a +0 pair of boots (worn)
Jewellery
 g - a +4 ring of protection (left hand)
 o - a ring of wizardry
 q - an amulet of reflection (around neck)
 t - a +6 ring of dexterity (right hand)
Wands
 p - a wand of flame (13)
Scrolls
 i - a scroll of immolation {unknown}
 j - a scroll of amnesia {unknown}
 k - a scroll of identify {unknown}
 n - 2 scrolls of enchant armour {unknown}
 r - a scroll of poison {unknown}
 x - a scroll of noise {unknown}
 z - a scroll of silence {unknown}
 B - a scroll of blinking {unknown}
Potions
 h - a potion of brilliance {unknown}
 l - a potion of flight {unknown}
 m - 2 potions of degeneration {unknown}
 s - 3 potions of heal wounds {unknown}
 v - a potion of might {unknown}
 w - 2 potions of curing {unknown}
 A - a potion of mutation {unknown}


   Skills:
 + Level 2.7 Fighting
 + Level 5.1 Axes
 + Level 2.2 Throwing
 + Level 1.6 Armour
 + Level 3.9 Dodging
 + Level 0.4 Stealth
 + Level 0.8 Shields


You had 5 spell levels left.
You didn't know any spells.
Your spell library was empty.

Dungeon Overview and Level Annotations

Branches:
Dungeon (4/15)
 Temple: D:4-7

Altars:
Makhleb
Qazlal

Shops:
D:3 *

Annotations:
D:4 1 runed translucent door, hikkokomori's ghost, amateur MfGl


Message History

You kill the hobgoblin!
Things that are here:
a +0 shortbow; an adder corpse You see here a hobgoblin corpse.
You see here a +0 scale mail.
You now have 127 gold pieces (gained 26).
A gnoll comes into view. It is wielding a +0 halberd.
The gnoll shouts!
A gnoll comes into view. It is wielding a +0 halberd.
The gnoll shouts!
You hear a shout!
A goblin, 3 hobgoblins and a phantom come into view.
The hobgoblin shouts! x2; The goblin shouts!
The hobgoblin shouts!
You hear a shout! x2
A gnoll comes into view. It is wielding a +0 spear.
The hobgoblin moves out of view.
You see here a hobgoblin corpse.
Things that are here:
a +0 shortbow; an adder corpse The gnoll hits you with a +0 halberd.
The gnoll hits you from afar with a +0 halberd.
You hit the gnoll but do no damage. The gnoll hits you with a +0 halberd.
The gnoll barely misses you.
You barely miss the gnoll. The gnoll hits you with a +0 halberd!
The gnoll hits you but does no damage.
You completely miss the gnoll. The gnoll completely misses you.
The gnoll hits you but does no damage.
You slash the gnoll!
The gnoll is heavily wounded.
The gnoll hits you with a +0 halberd. The gnoll hits you but does no damage.
You hit the gnoll.
The gnoll is almost dead.
The gnoll hits you with a +0 halberd!
The gnoll hits you from afar with a +0 halberd!
* * * LOW HITPOINT WARNING * * *
The gnoll barely misses you. The gnoll hits you with a +0 halberd.
* * * LOW HITPOINT WARNING * * *
You slash the gnoll!
You kill the gnoll!
The gnoll hits you from afar with a +0 halberd.
You die...

#....#...# #....#...###
#g..##g#...#
W.####g.###.# .. #...g##
#.# . #...## #.# ##...#
#.# .##.###..#######.#
.......[gggg)@..†#######
######...######..#.....##
##### #.........##
#....###...##
#.....##⌠##...##
#....##W..##...#
#...##..?..##..#
#...+...♣..⌠#..#
#...##..!..##..##


You could see hikkokomori's ghost, 2 gnolls and 2 hobgoblins.

Vanquished Creatures
  A centaur (D:4)
  2 orc wizards (D:3)
  A gnoll (D:4)
  6 adders
  2 worms
  2 dart slugs
  4 orcs (D:3)
  6 bats
  5 endoplasms
  3 giant cockroaches
  2 goblins
  6 hobgoblins
  2 quokkas (D:2)
  9 ball pythons
  5 frilled lizards
  3 kobolds (D:1)
  8 rats
67 creatures vanquished.

Notes
Turn   | Place    | Note
-------+----------+-------------------------------------------
     0 | D:1      | hbarley the Human Gladiator began the quest for the Orb.
     0 | D:1      | Reached XP level 1. HP: 16/16 MP: 1/1
   135 | D:1      | Reached XP level 2. HP: 19/22 MP: 2/2
   517 | D:1      | Reached XP level 3. HP: 26/27 MP: 3/3
   910 | D:2      | Reached XP level 4. HP: 33/33 MP: 4/4
  1589 | D:3      | Found Aqun's Assorted Antiques.
  1872 | D:3      | Found a stormy altar of Qazlal.
  1970 | D:3      | Found a burning altar of Makhleb.
  2122 | D:3      | Reached skill level 4 in Axes
  2198 | D:3      | Reached skill level 1 in Armour
  2198 | D:3      | Reached XP level 5. HP: 30/39 MP: 5/5
  2487 | D:3      | Found a faded altar of an unknown god.
  2542 | D:4      | Noticed hikkokomori's ghost (amateur MfGl)
  2547 | D:4      | Found a runed translucent door.
  2596 | D:4      | Noticed a centaur
  2608 | D:4      | Killed a centaur
  2609 | D:4      | Reached skill level 5 in Axes
  2609 | D:4      | Reached XP level 6. HP: 38/46 MP: 6/6
  2667 | D:4      | Slain by a gnoll

Illustrated notes

Levels and vault maps discovered:
D:1:      arrival_zaba_pyramid, layout_basic
D:2:      layout_basic, chequers_serial_rivers_small_b
D:3:      layout_loops_ring, bloody_makhleb,
          mainiacjoe_overflow_six_doors_small, serial_shops, shop,
          hellmonk_ecumenical_altar_inner_sanctum
D:4:      layout_loops_ring, lemuel_crystal_altar, minitemple,
          minmay_temple_entry_statues_pillars, hellmonk_ghost_happy_afterlife,
          amcnicky_mini_corridor_feature, minmay_bent

Skill      XL: |  1  2  3  4  5 |
---------------+----------------+-----
Axes           | 4 5 |  5.1
Armour         | 1 |  1.6
Fighting       | |  2.7
Throwing       | |  2.2
Dodging        | |  3.9
Stealth        | |  0.4
Shields        | |  0.8

Action                     |  1- 3 |  4- 6 || total
---------------------------+-------+-------++-------
  Melee: War axe           |    79 |   115 ||   194
         Punch             |     1 |     2 ||     3
 Armour: Ring mail         |    50 |       ||    50
         Leather armour    |     2 |       ||     2
         Chain mail        |       |    73 ||    73
  Dodge: Dodged            |    56 |    40 ||    96
  Block: Other             |     3 |    33 ||    36

Table legend: (Time is in decaauts)
 A = Elapsed time spent in this place.
 B = Non-inter-level travel time spent in this place.
 C = Inter-level travel time spent in this place.
 D = Time resting spent in this place.
 E = Time spent auto-exploring this place.
 F = Levels seen in this place.
 G = Mean time per level.
                   A        B        C        D        E       F      G
               +--------+--------+--------+--------+--------+-----+--------+
         Total |   2729 |   2336 |    393 |    106 |   1626 |   4 |  682.2 |
       Dungeon |   2729 |   2336 |    393 |    106 |   1626 |   4 |  682.2 |
               +--------+--------+--------+--------+--------+-----+--------+

Top non-repeatable levels by time:
     D:2: 904 daAuts
     D:3: 899 daAuts
     D:1: 772 daAuts
     D:4: 152 daAuts
